General information
- name: BNet
- type: Ladder team game (AT/RT)
- host: Battle.net
- saver: LATENIGHTW4R3
map: Deathknell
- players: 8
- length: 32:20
- speed: Fast
- version: 1.26 W3XP
- replay type: Public
» download(212 KB)
Players
team 1 (loser)

»
m0xxa (
pink | 109 APM | 2006 actions | 18:28)
5 Mountain King
3 Storm Bolt
2 Bash
3 Paladin
2 Holy Light
1 Devotion Aura
» actions
| Assign group hotkey | 78 | |
| Basic commands | 18 | |
| Build / train | 75 | |
| ESC pressed | 2 | |
| Enter build submenu | 26 | |
| Enter hero's abilities submenu | 8 | |
| Give item / drop item | 1 | |
| Right click | 803 | |
| Select / deselect | 244 | |
| Select group hotkey | 661 | |
| Use ability | 90 | |
2006 total
» units
| Peasant | 19 | |
| Footman | 4 | |
| Dragonhawk Rider | 6 | |
| Gryphon Rider | 3 | |
32 total
» upgrades
| Masonry | 2 | |
| Swords | 3 | |
| Armor | 3 | |
| Lumber Harvesting | 1 | |
| Storm Hammers | 1 | |
| Cloud | 1 | |
| Animal War Training | 1 | |
12 total
» buildings
| Altar of Kings | 1 | |
| Farm | 8 | |
| Barracks | 1 | |
| Lumber Mill | 1 | |
| Scout Tower | 2 | |
| Arcane Tower | 2 | |
| Guard Tower | 2 | |
| Arcane Vault | 1 | |
| Town Hall | 1 | |
| Keep | 3 | |
| Blacksmith | 2 | |
| Gryphon Aviary | 3 | |
| Castle | 2 | |
29 total
» build order
00:17 Altar of Kings
00:27 Farm
00:59 Barracks
01:10 Farm
01:51 Farm
01:55 Lumber Mill
02:38 Farm
02:45 Scout Tower
02:56 Scout Tower
03:22 Arcane Tower
03:23 Arcane Tower
03:48 Guard Tower
04:05 Arcane Vault
04:37 Town Hall
05:31 Farm
05:35 Farm
06:04 Keep
06:05 Keep
06:27 Blacksmith
06:35 Blacksmith
07:27 Farm
08:30 Gryphon Aviary
08:34 Castle
08:34 Castle
08:36 Gryphon Aviary
08:40 Gryphon Aviary
10:33 Farm
» items
| Scroll of Regeneration | 1 | |
| Scroll of Town Portal | 2 | |
| Staff of Sanctuary | 1 | |
4 total

»
ohmybighead (
teal | 98 APM | 1799 actions | 18:25)
3 Mountain King
2 Storm Bolt
1 Bash
1 Paladin
1 Holy Light
» actions
| Assign group hotkey | 50 | |
| Build / train | 83 | |
| Enter build submenu | 27 | |
| Enter hero's abilities submenu | 4 | |
| Give item / drop item | 1 | |
| Remove unit from queue | 2 | |
| Right click | 610 | |
| Select / deselect | 332 | |
| Select group hotkey | 594 | |
| Use ability | 96 | |
1799 total
» units
| Peasant | 35 | |
| Footman | 4 | |
| Gryphon Rider | 6 | |
| Dragonhawk Rider | 8 | |
53 total
» upgrades
| Lumber Harvesting | 2 | |
| Masonry | 1 | |
| Swords | 3 | |
| Armor | 2 | |
| Storm Hammers | 1 | |
9 total
» buildings
| Altar of Kings | 1 | |
| Farm | 14 | |
| Barracks | 1 | |
| Keep | 1 | |
| Lumber Mill | 1 | |
| Scout Tower | 3 | |
| Arcane Vault | 1 | |
| Arcane Tower | 1 | |
| Town Hall | 1 | |
| Castle | 1 | |
| Guard Tower | 1 | |
| Blacksmith | 1 | |
| Gryphon Aviary | 3 | |
30 total
» build order
00:13 Altar of Kings
00:20 Farm
00:56 Farm
01:19 Barracks
01:33 Farm
03:10 Keep
03:18 Lumber Mill
03:21 Scout Tower
03:46 Arcane Vault
04:01 Arcane Tower
05:12 Town Hall
05:16 Scout Tower
05:17 Scout Tower
05:31 Castle
05:51 Guard Tower
06:10 Blacksmith
06:52 Farm
07:27 Gryphon Aviary
07:34 Farm
08:04 Gryphon Aviary
08:15 Farm
08:36 Gryphon Aviary
08:53 Farm
10:59 Farm
12:46 Farm
14:56 Farm
15:49 Farm
16:32 Farm
16:51 Farm
16:54 Farm
» items
| Scroll of Regeneration | 3 | |
| Potion of Mana | 2 | |
| Healing Salve | 1 | |
| Scroll of Speed | 2 | |
| Scroll of Town Portal | 2 | |
10 total
ROUGH.GRORILLA (
blue | 78 APM | 2510 actions | 32:20)
8 Blademaster
3 Critical Strike
3 Wind Walk
1 Bladestorm
1 Mirror Image
1 Mountain King
1 Avatar
» actions
| Assign group hotkey | 80 | |
| Build / train | 67 | |
| Enter build submenu | 31 | |
| Enter hero's abilities submenu | 9 | |
| Give item / drop item | 4 | |
| Remove unit from queue | 1 | |
| Right click | 1055 | |
| Select / deselect | 258 | |
| Select group hotkey | 865 | |
| Use ability | 140 | |
2510 total
» units
| Peon | 12 | |
| Grunt | 5 | |
| Goblin Shredder | 4 | |
| Wind Rider | 4 | |
| Troll Batrider | 6 | |
| Gryphon Rider | 2 | |
33 total
» upgrades
| Reinforced Defenses | 1 | |
| Envenomed Spears | 1 | |
| Ranged Weapons | 2 | |
| Armor | 2 | |
| Liquid Fire | 1 | |
7 total
» buildings
| Altar of Storms | 1 | |
| Orc Burrow | 7 | |
| Barracks | 1 | |
| Stronghold | 2 | |
| Voodoo Lounge | 1 | |
| War Mill | 2 | |
| Fortress | 2 | |
| Great Hall | 2 | |
| Beastiary | 4 | |
| Watch Tower | 57 | |
79 total
» build order
00:07 Altar of Storms
00:18 Orc Burrow
00:36 Barracks
01:23 Orc Burrow
02:32 Stronghold
02:36 Voodoo Lounge
03:14 Orc Burrow
04:36 War Mill
05:04 Fortress
05:05 Fortress
05:49 Great Hall
07:02 Beastiary
07:05 Beastiary
08:04 Beastiary
08:22 Watch Tower
08:23 Watch Tower
08:23 Watch Tower
08:26 Watch Tower
09:25 Watch Tower
09:46 Watch Tower
09:47 Watch Tower
09:47 Watch Tower
09:47 Watch Tower
11:11 Watch Tower
11:12 Watch Tower
11:12 Watch Tower
11:13 Watch Tower
11:13 Watch Tower
12:30 Orc Burrow
12:32 Orc Burrow
12:35 Orc Burrow
14:51 Watch Tower
14:51 Watch Tower
14:53 Watch Tower
14:54 Watch Tower
14:54 Watch Tower
15:16 Beastiary
15:29 Watch Tower
16:08 Watch Tower
16:08 Watch Tower
16:09 Watch Tower
16:09 Watch Tower
16:32 Watch Tower
16:33 Watch Tower
17:09 War Mill
19:13 Watch Tower
19:14 Watch Tower
20:37 Watch Tower
20:37 Watch Tower
20:37 Watch Tower
20:38 Watch Tower
20:38 Watch Tower
20:39 Watch Tower
21:55 Watch Tower
21:55 Watch Tower
21:55 Watch Tower
21:56 Watch Tower
21:56 Watch Tower
22:10 Watch Tower
22:11 Watch Tower
22:11 Watch Tower
24:26 Great Hall
24:28 Watch Tower
24:28 Watch Tower
24:28 Watch Tower
24:29 Watch Tower
24:30 Watch Tower
24:30 Watch Tower
24:30 Watch Tower
24:43 Orc Burrow
» items
| Healing Salve | 3 | |
| Scroll of Town Portal | 4 | |
| Orb of Lightning | 1 | |
| Tiny Great Hall | 1 | |
9 total
Rampage. (
green | 35 APM | 656 actions | 18:31)
4 Paladin
1 Holy Light
1 Divine Shield
2 Devotion Aura
» actions
| Assign group hotkey | 20 | |
| Basic commands | 9 | |
| Build / train | 71 | |
| ESC pressed | 1 | |
| Enter build submenu | 29 | |
| Enter hero's abilities submenu | 4 | |
| Give item / drop item | 1 | |
| Right click | 207 | |
| Select / deselect | 221 | |
| Select group hotkey | 41 | |
| Use ability | 52 | |
656 total
» units
| Peasant | 22 | |
| Footman | 2 | |
| Rifleman | 7 | |
| Priest | 6 | |
37 total
» upgrades
| Armor | 3 | |
| Gunpowder | 3 | |
| Long Rifles | 1 | |
| Lumber Harvesting | 2 | |
| Masonry | 2 | |
| Priest Training | 2 | |
| Sorceress Training | 1 | |
| Magic Sentry | 1 | |
15 total
» buildings
| Altar of Kings | 1 | |
| Farm | 14 | |
| Barracks | 2 | |
| Lumber Mill | 1 | |
| Blacksmith | 1 | |
| Keep | 1 | |
| Arcane Vault | 1 | |
| Castle | 1 | |
| Arcane Sanctum | 3 | |
| Town Hall | 1 | |
| Scout Tower | 2 | |
28 total
» build order
00:06 Altar of Kings
00:09 Farm
00:13 Barracks
01:21 Farm
01:36 Lumber Mill
02:02 Farm
02:19 Blacksmith
02:45 Farm
03:22 Farm
03:39 Keep
04:09 Farm
04:39 Arcane Vault
04:58 Farm
05:18 Barracks
05:48 Farm
07:53 Castle
08:17 Farm
08:58 Farm
09:17 Arcane Sanctum
12:18 Arcane Sanctum
12:20 Arcane Sanctum
12:53 Farm
13:53 Farm
14:35 Farm
15:43 Town Hall
15:58 Farm
18:03 Scout Tower
18:06 Scout Tower
» items
| Scroll of Regeneration | 3 | |
| Lesser Clarity Potion | 1 | |
| Potion of Healing | 2 | |
| Scroll of Town Portal | 1 | |
7 total
team 2 (winner)

»
DUFFMAN (
red | 50 APM | 1628 actions | 32:20)
5 Keeper of the Grove
1 Force of Nature
3 Entangling Roots
1 Thorns Aura
» actions
| Assign group hotkey | 9 | |
| Basic commands | 5 | |
| Build / train | 72 | |
| Enter build submenu | 29 | |
| Enter hero's abilities submenu | 5 | |
| Remove unit from queue | 1 | |
| Right click | 791 | |
| Select / deselect | 482 | |
| Select group hotkey | 192 | |
| Use ability | 42 | |
1628 total
» units
| Wisp | 25 | |
| Huntress | 6 | |
| Druid of the Talon | 7 | |
| Hippogryph | 10 | |
| Chimaera | 4 | |
52 total
» upgrades
| Strength of the Moon | 1 | |
| Strength of the Wild | 3 | |
| Druid of the Talon Training | 2 | |
| Reinforced Hides | 1 | |
| Corrosive Breath | 1 | |
8 total
» buildings
| Altar of Elders | 1 | |
| Moon Well | 9 | |
| Ancient of War | 1 | |
| Hunter's Hall | 1 | |
| Tree of Ages | 1 | |
| Tree of Life | 2 | |
| Ancient Protector | 5 | |
| Ancient of Lore | 2 | |
| Ancient of Wind | 2 | |
| Tree of Eternity | 2 | |
| Chimaera Roost | 2 | |
| Ancient of Wonders | 1 | |
29 total
» build order
00:47 Altar of Elders
01:03 Moon Well
01:16 Ancient of War
01:48 Hunter's Hall
02:22 Moon Well
03:05 Moon Well
03:41 Tree of Ages
05:58 Tree of Life
06:03 Ancient Protector
06:24 Ancient Protector
06:27 Ancient of Lore
06:29 Ancient of Wind
06:35 Ancient of Lore
06:44 Moon Well
07:03 Ancient Protector
07:32 Ancient Protector
08:36 Ancient Protector
08:52 Tree of Eternity
08:52 Tree of Eternity
09:57 Moon Well
11:23 Chimaera Roost
11:27 Chimaera Roost
12:02 Ancient of Wonders
12:25 Ancient of Wind
12:31 Moon Well
15:23 Moon Well
17:31 Moon Well
17:33 Moon Well
21:08 Tree of Life
» items
Eug_Master (
yellow | 61 APM | 1970 actions | 32:20)
6 Archmage
3 Summon Water Elemental
2 Brilliance Aura
1 Mass Teleport
» actions
| Assign group hotkey | 76 | |
| Basic commands | 20 | |
| Build / train | 63 | |
| Enter build submenu | 21 | |
| Enter hero's abilities submenu | 6 | |
| Give item / drop item | 2 | |
| Right click | 590 | |
| Select / deselect | 303 | |
| Select group hotkey | 680 | |
| Use ability | 209 | |
1970 total
» units
| Peasant | 8 | |
| Footman | 10 | |
| Dragonhawk Rider | 17 | |
35 total
» upgrades
| Defend | 1 | |
| Swords | 3 | |
| Armor | 3 | |
| Lumber Harvesting | 1 | |
| Cloud | 1 | |
| Masonry | 3 | |
| Animal War Training | 1 | |
13 total
» buildings
| Farm | 13 | |
| Altar of Kings | 1 | |
| Barracks | 1 | |
| Lumber Mill | 1 | |
| Blacksmith | 1 | |
| Scout Tower | 1 | |
| Guard Tower | 1 | |
| Keep | 1 | |
| Gryphon Aviary | 2 | |
| Arcane Vault | 1 | |
| Castle | 1 | |
24 total
» build order
00:06 Farm
00:09 Altar of Kings
00:30 Barracks
01:26 Farm
02:07 Lumber Mill
02:28 Farm
03:11 Farm
03:48 Blacksmith
03:50 Scout Tower
04:28 Guard Tower
04:53 Keep
05:04 Farm
05:46 Farm
06:48 Farm
07:28 Gryphon Aviary
07:31 Gryphon Aviary
07:35 Arcane Vault
07:49 Farm
07:51 Castle
08:29 Farm
09:16 Farm
10:58 Farm
11:43 Farm
12:53 Farm
» items
| Scroll of Regeneration | 2 | |
| Scroll of Town Portal | 3 | |
5 total
SeaLab2021 (
orange | 34 APM | 1107 actions | 32:20)
5 Goblin Tinker
2 Pocket Factory
3 Engineering Upgrade
3 Paladin
2 Holy Light
1 Divine Shield
» actions
| Assign group hotkey | 5 | |
| Basic commands | 9 | |
| Build / train | 76 | |
| Enter build submenu | 22 | |
| Enter hero's abilities submenu | 8 | |
| Give item / drop item | 1 | |
| Remove unit from queue | 3 | |
| Right click | 389 | |
| Select / deselect | 242 | |
| Select group hotkey | 307 | |
| Use ability | 45 | |
1107 total
» units
| Peasant | 13 | |
| Footman | 14 | |
| Mortar Team | 10 | |
| Priest | 2 | |
| Sorceress | 1 | |
40 total
» upgrades
| Plating | 1 | |
| Masonry | 3 | |
| Fragmentation Shards | 1 | |
| Gunpowder | 2 | |
| Armor | 2 | |
| Lumber Harvesting | 2 | |
| Priest Training | 2 | |
| Sorceress Training | 1 | |
14 total
» buildings
| Altar of Kings | 1 | |
| Farm | 8 | |
| Barracks | 1 | |
| Scout Tower | 2 | |
| Blacksmith | 1 | |
| Arcane Tower | 1 | |
| Town Hall | 1 | |
| Keep | 1 | |
| Lumber Mill | 1 | |
| Arcane Vault | 1 | |
| Castle | 2 | |
| Workshop | 2 | |
| Arcane Sanctum | 1 | |
23 total
» build order
00:19 Altar of Kings
00:22 Farm
01:01 Barracks
01:16 Farm
01:47 Scout Tower
01:55 Scout Tower
02:06 Blacksmith
02:36 Arcane Tower
02:54 Farm
03:41 Farm
05:41 Town Hall
06:09 Keep
06:23 Lumber Mill
07:03 Arcane Vault
08:51 Castle
09:10 Farm
09:15 Farm
10:15 Farm
12:11 Workshop
12:17 Workshop
14:02 Farm
14:09 Arcane Sanctum
» items
| Scroll of Regeneration | 2 | |
| Lesser Clarity Potion | 1 | |
| Scroll of Town Portal | 1 | |
4 total
LATENIGHTW4R3 (
purple | 87 APM | 2801 actions | 32:20)
8 Far Seer
3 Feral Spirit
3 Chain Lighting
1 Earth Quake
1 Far Sight
» actions
| Assign group hotkey | 109 | |
| Basic commands | 315 | |
| Build / train | 97 | |
| ESC pressed | 4 | |
| Enter build submenu | 42 | |
| Enter hero's abilities submenu | 9 | |
| Give item / drop item | 1 | |
| Right click | 1097 | |
| Select / deselect | 300 | |
| Select group hotkey | 648 | |
| Use ability | 179 | |
2801 total
» units
| Peon | 13 | |
| Grunt | 5 | |
| Goblin Shredder | 2 | |
| Troll Batrider | 8 | |
| Wind Rider | 10 | |
38 total
» upgrades
| Armor | 4 | |
| Berserker Strength | 1 | |
| Pillage | 1 | |
| Reinforced Defenses | 1 | |
| Ranged Weapons | 3 | |
| Troll Regeneration | 1 | |
| Liquid Fire | 1 | |
| Envenomed Spears | 1 | |
| Spiked Barricades | 1 | |
14 total
» buildings
| Orc Burrow | 8 | |
| Barracks | 1 | |
| Altar of Storms | 1 | |
| Voodoo Lounge | 1 | |
| War Mill | 1 | |
| Stronghold | 6 | |
| Watch Tower | 24 | |
| Great Hall | 1 | |
| Fortress | 2 | |
| Beastiary | 6 | |
51 total
» build order
00:24 Orc Burrow
01:06 Barracks
01:08 Altar of Storms
01:35 Orc Burrow
02:06 Orc Burrow
02:35 Voodoo Lounge
03:08 War Mill
04:15 Stronghold
04:15 Stronghold
04:15 Stronghold
06:49 Watch Tower
06:49 Watch Tower
06:52 Watch Tower
07:55 Great Hall
07:57 Watch Tower
07:58 Watch Tower
08:00 Watch Tower
08:03 Watch Tower
08:04 Watch Tower
08:05 Watch Tower
08:47 Fortress
08:48 Fortress
10:41 Watch Tower
10:42 Watch Tower
10:44 Watch Tower
10:45 Watch Tower
10:53 Watch Tower
10:54 Watch Tower
10:56 Watch Tower
11:39 Beastiary
12:46 Beastiary
12:48 Beastiary
14:35 Orc Burrow
16:47 Orc Burrow
16:48 Orc Burrow
18:43 Beastiary
18:44 Beastiary
18:49 Beastiary
18:54 Watch Tower
18:56 Watch Tower
19:00 Watch Tower
19:01 Watch Tower
19:07 Watch Tower
19:13 Watch Tower
19:15 Watch Tower
19:16 Watch Tower
20:03 Orc Burrow
20:10 Orc Burrow
27:19 Stronghold
27:20 Stronghold
» items
| Healing Salve | 5 | |
| Lesser Clarity Potion | 4 | |
| Scroll of Town Portal | 4 | |
| Orb of Lightning | 1 | |
| Orb of Venom | 1 | |
15 total
Chat log
(00:16 / Allies) LATENIGHTW4R3: I'm here
(00:19 / Allies) DUFFMAN: k
(00:21 / Allies) LATENIGHTW4R3: just alt tabbed for a sec
(00:24 / Allies) Eug_Master: Thank God
(00:28 / Allies) LATENIGHTW4R3: lawl
(00:36 / Allies) LATENIGHTW4R3: People who afk in a 13 year old game are faggots
(01:10 / Allies) SeaLab2021: which heros
(01:13 / Allies) LATENIGHTW4R3: bm
(01:17 / Allies) DUFFMAN: kotg
(02:23 / Allies) LATENIGHTW4R3: I'm going far seer actually
(03:04 / All) ohmybighead: this is my road
(03:07 / All) ohmybighead: eat my hammer
(04:07 / All) ohmybighead: that for u
(04:10 / All) ohmybighead: i expand under
(06:40 / All) Eug_Master: This is my road more like it
(06:46 / All) ohmybighead: u dont have hammer
(06:48 / All) ohmybighead: sad
(07:15 / All) Eug_Master: no But u ran away from my water
(08:29 / Allies) LATENIGHTW4R3: let's hit yellow?
(08:32 / Allies) LATENIGHTW4R3: and harass teal
(08:46 / Allies) Eug_Master: yeah k=good idead kill the big mouth
(09:10 / Allies) Eug_Master: if they tp im running
(10:16 / Allies) Eug_Master: im out
(10:28 / Allies) LATENIGHTW4R3: did good damage, nj
(10:49 / Allies) Eug_Master: u guys hit top me and purple will go again
(10:57 / Allies) SeaLab2021: go
(11:16 / Allies) Eug_Master: u ready purple?
(11:20 / Allies) LATENIGHTW4R3: yeah
(11:27 / All) ROUGH.GRORILLA: oh fuk its duffman
(11:39 / Allies) Eug_Master: if they tp im running again
(12:26 / Allies) Eug_Master: im out
(12:50 / Allies) LATENIGHTW4R3: let's keep at it
(12:52 / Allies) DUFFMAN: any spare lumber?
(12:59 / Allies) LATENIGHTW4R3: there
(13:07 / Allies) DUFFMAN: ty
(13:29 / Allies) SeaLab2021: b
(13:30 / Allies) SeaLab2021: red
(13:33 / Allies) SeaLab2021: b
(13:52 / Allies) Eug_Master: need to buy a tp
(14:21 / Allies) LATENIGHTW4R3: I have bats let's hit again yellow?
(14:28 / Allies) SeaLab2021: i sec
(14:32 / Allies) Eug_Master: u guard bottom i had to help top
(14:58 / Allies) LATENIGHTW4R3: yellow if we hit
(15:00 / Allies) LATENIGHTW4R3: we can rape teal
(15:02 / Allies) LATENIGHTW4R3: goggogogogogogogogo
(15:03 / Allies) SeaLab2021: wood plz
(15:03 / Allies) LATENIGHTW4R3: come
(15:08 / Allies) Eug_Master: ok i come bottom
(15:08 / Allies) LATENIGHTW4R3: I have 50 food bats
(15:12 / Allies) LATENIGHTW4R3: ty
(15:18 / Allies) SeaLab2021: together
(15:26 / Allies) Eug_Master: sorry red if they attack your expo im busy down south
(15:35 / Allies) DUFFMAN: it's cool dude
(15:37 / Allies) DUFFMAN: ty for the help
(15:41 / Allies) LATENIGHTW4R3: we'll trade for teal expo
(15:49 / Allies) SeaLab2021: wait for me
(15:55 / Allies) SeaLab2021: wait
(15:57 / Allies) LATENIGHTW4R3: k
(16:33 / Allies) LATENIGHTW4R3: let's hit teal main now
(17:14 / Allies) Eug_Master: tp to oj if they attack him?
(17:19 / Allies) LATENIGHTW4R3: yeah
(17:49 / Allies) Eug_Master: k tp purple
(17:51 / Allies) LATENIGHTW4R3: tp
(18:29 / Allies) Eug_Master: gj
(18:30 / All) LATENIGHTW4R3: rape lawl
(18:33 / All) ROUGH.GRORILLA: freaking babies
(18:35 / All) LATENIGHTW4R3: LOL
(21:01 / Allies) Eug_Master: my base
(21:10 / Allies) SeaLab2021: go?
(21:15 / Allies) Eug_Master: dont worry its dead
(21:17 / Allies) DUFFMAN: shit no tp
(21:42 / Allies) Eug_Master: if i tped we would have lost the entire game
(22:57 / All) ROUGH.GRORILLA: y'all gonna lose
(23:06 / All) Eug_Master: Cant believe we won
(23:50 / Allies) Eug_Master: who hasnt got a tp i give scroll?
(23:59 / Allies) DUFFMAN: i do not
(24:04 / Allies) Eug_Master: k take it
(24:10 / Allies) DUFFMAN: FUCK
(24:13 / Allies) Eug_Master: tpscoroll
(24:20 / Allies) LATENIGHTW4R3: all your halls are dead
(24:21 / Allies) LATENIGHTW4R3: btw
(24:23 / Allies) LATENIGHTW4R3: look at your bases
(24:29 / Allies) Eug_Master: take scroll red i have spell
(24:33 / Allies) DUFFMAN: PURP
(24:34 / Allies) DUFFMAN: COME ON
(24:36 / Allies) Eug_Master: take it red
(24:36 / Allies) DUFFMAN: lol
(24:39 / Allies) LATENIGHTW4R3: You lose
(24:40 / Allies) LATENIGHTW4R3: Sorry pals
(24:52 / Allies) DUFFMAN: you think you're clever, someone did this to me last night
(24:58 / Allies) LATENIGHTW4R3: it was us
(25:00 / Allies) LATENIGHTW4R3: hi again duffman
(25:14 / Allies) DUFFMAN: i left after a couple hours
(25:19 / Allies) LATENIGHTW4R3: lawl
(25:21 / Allies) DUFFMAN: cause my computer was making too much noise
(25:28 / Allies) LATENIGHTW4R3: oh yeah the standoff?
(25:38 / Allies) DUFFMAN: yeah
(25:45 / Allies) DUFFMAN: was just me and green left
(25:56 / Allies) Eug_Master: purple dont be an idiot lets just finish it
(26:10 / Allies) Eug_Master: i gotta go soon
(26:19 / Allies) DUFFMAN: it's what they do man
(26:33 / Allies) DUFFMAN: is it blue who is your pal?
(26:43 / All) ROUGH.GRORILLA: did u win last night duffman
(26:51 / All) DUFFMAN: nah
(26:57 / All) DUFFMAN: i lost chicken
(27:08 / All) DUFFMAN: cause i wanted to sleep and my computer made too much noise
(27:15 / All) ROUGH.GRORILLA: cmon man we told u to just keep ur game on all night
(27:18 / All) ROUGH.GRORILLA: mute the sound wtf
(27:31 / All) DUFFMAN: the computer fans you dummy
(28:06 / All) ROUGH.GRORILLA: i havent even seen purples bsae scouted yet
(28:37 / All) DUFFMAN: why do you guys want to kill this game? it's already dead
(28:50 / All) LATENIGHTW4R3: exactly
(28:52 / All) LATENIGHTW4R3: so we're not killing it more
(28:54 / All) LATENIGHTW4R3: it's already dead
(29:00 / All) ROUGH.GRORILLA: its full of hackers
(29:05 / All) ROUGH.GRORILLA: pple have been doing wut we do for yrs
(29:07 / All) DUFFMAN: you're fucking the corpse though
(29:17 / All) LATENIGHTW4R3: Maybe we're into that
(29:19 / All) LATENIGHTW4R3: victimless crime
(29:21 / All) DUFFMAN: haha
(29:22 / All) ROUGH.GRORILLA: we play legit tho
(29:25 / All) DUFFMAN: don't make you a bad person
(30:03 / All) DUFFMAN: earlier this game, i was like "how does blue recognize me? i haven't seen him before"
(30:16 / All) LATENIGHTW4R3: Nothing personal red
(30:18 / All) LATENIGHTW4R3: it's just what we do
(30:20 / All) DUFFMAN: oh i know
(30:29 / All) DUFFMAN: not even really mad
(30:34 / All) DUFFMAN: it's always that point in the game
(30:37 / All) DUFFMAN: where i realize fuck
(30:42 / All) LATENIGHTW4R3: I actually enjoyed this match, I liked our team
(30:47 / All) LATENIGHTW4R3: Yellow worked well with me to rape teal
(30:49 / All) DUFFMAN: we were winning, then the tk starts
(30:51 / All) LATENIGHTW4R3: and you and orange played decent
(31:10 / All) ROUGH.GRORILLA: teal was a dick; i thought he was gonna help me expo with 2 grunts but he ran away
(31:22 / All) DUFFMAN: he deserved to lose then
(31:23 / All) LATENIGHTW4R3: Teal got owned all game lol
(31:29 / All) LATENIGHTW4R3: me and yellow fucked him over constantly
(31:38 / All) LATENIGHTW4R3: My chain lightning and wolf was probably better for harass than bm would've been
(31:50 / All) DUFFMAN: what happens if you guys don't get into the same game?
(31:51 / All) LATENIGHTW4R3: you guys may get lucky my friend is lagging
(31:56 / All) DUFFMAN: do you just leave and requeue?
(31:58 / All) LATENIGHTW4R3: We always do if we're both 0-0
(32:06 / All) LATENIGHTW4R3: the worst that happens is we get the same team sometimes
(32:06 / All) DUFFMAN: oooh makes sense
(32:09 / All) LATENIGHTW4R3: if that happens, we leave and requeue
(32:17 / All) LATENIGHTW4R3: sometimes we play it out for fun